 Dungeon Crawl Stone Soup version 0.29.1-12-g30fa7ad0bf (webtiles) character file.

Game seed: 6014158712796085728

249 MisterFreud the Covert (level 6, -1/50 HPs)
             Began as a Gnoll Brigand on Dec 27, 2022.
             Was an Initiate of Hepliaklqana.
             Slain by a killer bee (8 damage)
             ... on level 4 of the Dungeon.
             The game lasted 00:04:14 (4126 turns).

MisterFreud the Covert (Gnoll Brigand)              Turns: 4126, Time: 00:04:15

Health: -1/50      AC:  5    Str: 11    XL:     6   Next: 12%
Magic:  8/8        EV: 13    Int: 18    God:    Hepliaklqana [......]
Gold:   173        SH:  0    Dex: 13    Spells: 8/8 levels left

rFire   . . .      SeeInvis .   a - +2 dagger
rCold   . . .      Faith    .   (no shield)
rNeg    . . .      Spirit   .   b - +0 robe
rPois   .          Reflect  .   (no helmet)
rElec   .          Harm     .   c - +0 cloak
rCorr   .          Rampage  .   (no gloves)
Will    .....                   l - +1 pair of boots
Stlth   ++++......              i - amulet of the acrobat
HPRegen 0.16/turn               n - +6 ring of intelligence
MPRegen 0.11/turn               (no ring)

@: about to teleport
A: fangs 1, strong nose, distributed training
a: Renounce Religion


You were on level 4 of the Dungeon.
You worshipped Hepliaklqana.
Hepliaklqana was noncommittal.
You visited 2 branches of the dungeon, and saw 5 of its levels.

You collected 173 gold pieces.

Inventory:

Hand Weapons
 a - a +2 dagger (weapon)
Missiles
 d - 22 poisoned darts (quivered)
 e - 3 curare-tipped darts
Armour
 b - a +0 robe (worn)
 c - a +0 cloak (worn)
 l - a +1 pair of boots (worn)
Jewellery
 i - an amulet of the acrobat (around neck)
 n - a +6 ring of intelligence (left hand)
 p - an amulet of guardian spirit
Scrolls
 g - a scroll of butterflies {unknown}
 h - a scroll of teleportation
 j - a scroll of amnesia
 q - 2 scrolls of summoning
Potions
 f - 2 potions of attraction
 r - a potion of flight {unknown}
 t - 2 potions of might {unknown}
 u - a potion of lignification {unknown}


   Skills:
 + Level 4.9 Fighting
 + Level 4.9 Short Blades
 + Level 1.9 Long Blades
 + Level 1.9 Axes
 + Level 1.9 Maces & Flails
 + Level 1.9 Polearms
 + Level 1.9 Staves
 + Level 1.9 Ranged Weapons
 + Level 4.9 Throwing
 + Level 1.9 Armour
 + Level 3.2 Dodging
 + Level 8.0 Stealth
 + Level 1.9 Shields
 + Level 1.9 Unarmed Combat
 + Level 1.9 Spellcasting
 + Level 1.5 Conjurations
 + Level 1.5 Hexes
 + Level 1.5 Summonings
 + Level 1.5 Necromancy
 + Level 1.5 Translocations
 + Level 1.5 Transmutations
 + Level 1.5 Fire Magic
 + Level 1.5 Ice Magic
 + Level 1.5 Air Magic
 + Level 1.5 Earth Magic
 + Level 1.5 Poison Magic
 + Level 2.1 Invocations
 + Level 1.9 Evocations


You had 8 spell levels left.
You didn't know any spells.
Your spell library contained the following spells:

 Spells                   Type           Power      Damage    Failure   Level
 Poisonous Vapours        Pois/Air       14%        N/A       16%         2
 Corpse Rot               Necr/Pois/Air  7%         N/A       69%         4


Dungeon Overview and Level Annotations

Branches:
Dungeon (4/15)             Temple (1/1) D:4

Altars:
Ashenzari
Elyvilon
Fedhas
Hepliaklqana
Sif Muna
Uskayaw
Vehumet
Xom
The Shining One

Annotations:
D:3 1 runed translucent door, diceflayer's ghost, weakling DsHu


Innate Abilities, Weirdness & Mutations

You have very sharp teeth.
Your uncanny sense of smell can sniff out nearby items.
Your experience applies equally to all skills.


Message History

You miss the killer bee.
The killer bee is heavily wounded.
The killer bee stings you!
You miss the killer bee.
The killer bee is heavily wounded.
The killer bee barely misses you. The killer bee misses you.
The orc hits you with a +0 short sword.
You are too injured to fight recklessly!
You barely miss the killer bee. Your bite misses the killer bee.
The killer bee is heavily wounded.
The killer bee barely misses you.
You are too injured to fight recklessly!
You hit the killer bee but do no damage.
The killer bee is heavily wounded.
The killer bee stings you but does no damage.
Something hits you but does no damage. The orc hits you with a +0 short sword.
The killer bee misses you.
You hit the killer bee.
The killer bee is heavily wounded.
The killer bee stings you.
You hear some strange, mumbled words.
Something tries to affect you, but you resist.
The orc hits you but does no damage.
You miss the killer bee.
The killer bee is heavily wounded.
The killer bee stings you but does no damage.
The killer bee stings you.
* * * LOW HITPOINT WARNING * * *
Something hits you but does no damage. The orc barely misses you.
As you read the scroll of teleportation, it crumbles to dust.
You feel strangely unstable. The killer bee stings you!
* * * LOW HITPOINT WARNING * * *
The killer bee stings you but does no damage.
Something hits you but does no damage. The orc hits you with a +0 short sword.
* * * LOW HITPOINT WARNING * * *
Unknown command.
You closely miss the killer bee.
The killer bee is heavily wounded.
The killer bee stings you!
You die...

##########.......#....#.....#####
+.......######.....#...#
#..................#....
.#######..................'....
#.........##'##...........#...#
#.........#...#...........###'#
#.........#...#....########...#
#...S.....#.oy##'###..........#
#.....o...#.o{@#.........##..##
#.........#..o##..#########..##
........###...##..##.....##....
........#.....#................
........#.....#................
########..###'#########
######...#...... #....#......
#....+......


You could see a killer bee and 3 orcs.

Vanquished Creatures
  A scorpion (D:4)
  A killer bee (D:4)
  A hound (D:4)
  5 adders
  A worm (D:3)
  4 dart slugs
  An orc (D:4)
  7 bats
  3 endoplasms
  5 giant cockroaches
  9 goblins
  10 hobgoblins
  7 kobolds
  3 ball pythons
  2 frilled lizards
  8 rats
68 creatures vanquished.

Notes
Turn   | Place    | Note
-------+----------+-------------------------------------------
     0 | D:1      | MisterFreud the Gnoll Brigand began the quest for the Orb.
     0 | D:1      | Reached XP level 1. HP: 20/20 MP: 1/1
   385 | D:1      | Reached XP level 2. HP: 20/26 MP: 2/2
   848 | D:1      | Reached XP level 3. HP: 31/31 MP: 3/3
  1453 | D:2      | Reached skill level 1 in Invocations
  1749 | D:2      | Reached skill level 1 in Long Blades
  1749 | D:2      | Reached skill level 1 in Axes
  1749 | D:2      | Reached skill level 1 in Maces & Flails
  1749 | D:2      | Reached skill level 1 in Polearms
  1749 | D:2      | Reached skill level 1 in Staves
  1749 | D:2      | Reached skill level 1 in Ranged Weapons
  1749 | D:2      | Reached skill level 1 in Armour
  1749 | D:2      | Reached skill level 1 in Shields
  1749 | D:2      | Reached skill level 1 in Unarmed Combat
  1749 | D:2      | Reached skill level 1 in Spellcasting
  1749 | D:2      | Reached skill level 1 in Evocations
  1951 | D:2      | Reached XP level 4. HP: 38/38 MP: 5/5
  2136 | D:2      | Found a faded altar of an unknown god.
  2530 | D:3      | Found a hide-covered altar of Uskayaw.
  2565 | D:3      | Reached skill level 1 in Conjurations
  2565 | D:3      | Reached skill level 1 in Hexes
  2565 | D:3      | Reached skill level 1 in Summonings
  2565 | D:3      | Reached skill level 1 in Necromancy
  2565 | D:3      | Reached skill level 1 in Translocations
  2565 | D:3      | Reached skill level 1 in Transmutations
  2565 | D:3      | Reached skill level 1 in Fire Magic
  2565 | D:3      | Reached skill level 1 in Ice Magic
  2565 | D:3      | Reached skill level 1 in Air Magic
  2565 | D:3      | Reached skill level 1 in Earth Magic
  2565 | D:3      | Reached skill level 1 in Poison Magic
  2971 | D:3      | Found a runed translucent door.
  2981 | D:3      | Noticed diceflayer's ghost (weakling DsHu)
  3466 | D:4      | Found a blossoming altar of Fedhas.
  3477 | D:4      | Reached XP level 5. HP: 43/43 MP: 7/7
  3555 | D:4      | Reached skill level 8 in Stealth
  3589 | D:4      | Reached XP level 6. HP: 9/50 MP: 8/8
  3724 | D:4      | Found a staircase to the Ecumenical Temple.
  3780 | Temple   | Entered the Ecumenical Temple
  3913 | Temple   | Became a worshipper of Hepliaklqana the Forgotten
  4126 | D:4      | Slain by a killer bee

Illustrated notes

Levels and vault maps discovered:
D:1:      minmay_arrival_wavy_path, layout_basic
D:2:      minmay_general_purpose_star, layout_basic,
          ebering_ecumenical_altar_sacrificial, minmay_misc_feat_iff
D:3:      layout_basic, eat_drink_and_be_merry_uskayaw,
          hellmonk_ghost_happy_afterlife, grunt_ministairs_15
D:4:      layout_gridville, mainiacjoe_overflow_catwalk_spiral,
          minmay_temple_entry_junction, nicolae_ossuary_entry_false_entrances,
          feat_on_display
Temple:   mainiacjoe_temple_bowtie_tessellation

Skill      XL: |  1  2  3  4  5 |
---------------+----------------+-----
Invocations    | 1 2 |  2.1
Long Blades    | 1 |  1.9
Axes           | 1 |  1.9
Maces & Flails | 1 |  1.9
Polearms       | 1 |  1.9
Staves         | 1 |  1.9
Ranged Weapons | 1 |  1.9
Armour         | 1 |  1.9
Shields        | 1 |  1.9
Unarmed Combat | 1 |  1.9
Spellcasting   | 1 |  1.9
Evocations     | 1 |  1.9
Conjurations   | 1 |  1.5
Hexes          | 1 |  1.5
Summonings     | 1 |  1.5
Necromancy     | 1 |  1.5
Translocations | 1 |  1.5
Transmutations | 1 |  1.5
Fire Magic     | 1 |  1.5
Ice Magic      | 1 |  1.5
Air Magic      | 1 |  1.5
Earth Magic    | 1 |  1.5
Poison Magic   | 1 |  1.5
Dodging        | 3 |  3.2
Stealth        | 8 |  8.0
Fighting       | |  4.9
Short Blades   | |  4.9
Throwing       | |  4.9

Action                   |  1- 3 |  4- 6 || total
-------------------------+-------+-------++-------
Melee: Dagger            |    96 |   122 ||   218
       Bite              |     7 |    13 ||    20
       Punch             |     1 |     3 ||     4
Throw: Dart              |       |     1 ||     1
  Use: Scroll            |       |    13 ||    13
       Potion            |       |     2 ||     2
 Stab: Sleeping          |    11 |    11 ||    22
Armor: Robe              |    21 |    24 ||    45
Dodge: Dodged            |    47 |   111 ||   158
